 Dungeon Crawl Stone Soup version 0.23.2-40-g277498a001 (webtiles) character file.

Game seed: 13676147882368242909

50 DildoBatman the Magician (level 4, -2/30 HPs)
             Began as a Formicid Wizard on Sept 15, 2019.
             Slain by an orc wizard
             ... wielding a +0 dagger
              (5 damage)
             ... on level 3 of the Dungeon.
             The game lasted 00:04:19 (1845 turns).

DildoBatman the Magician (Formicid Wizard)          Turns: 1845, Time: 00:04:19

Health: -2/30      AC:  2    Str: 12    XL:     4   Next: 4%
Magic:  6/8        EV: 12    Int: 18    God:
Gold:   43         SH:  0    Dex:  9    Spells: 2/9 levels left

rFire    . . .     SeeInvis +   n - +2 dagger (elec)
rCold    . . .     Gourm    .   (no shield)
rNeg     . . .     Faith    .   a - +0 robe
rPois    .         Spirit   .   (helmet unavailable)
rElec    .         Reflect  .   (no cloak)
rCorr    .         Harm     .   (no gloves)
MR       .....                  (no boots)
Stlth    ++........             (no amulet)
HPRegen  0.10/turn              h - ring of teleportation (curse)
MPRegen  0.11/turn              (no ring)

@: no status effects
A: permanent stasis, dig shafts and tunnels, four strong arms, antennae 3
a: Dig, Shaft Self


You were on level 3 of the Dungeon.
You were not hungry.

You visited 1 branch of the dungeon, and saw 3 of its levels.

You collected 43 gold pieces.

Inventory:

Hand Weapons
 n - a +2 dagger of electrocution (weapon)
 o - a +2 short sword of holy wrath
 y - a cursed -1 hunting sling
Missiles
 e - 43 stones (quivered)
 m - 5 tomahawks
 p - 35 arrows
 q - 20 sling bullets
 t - 10 bolts
Armour
 a - a +0 robe (worn)
 u - a +0 shield
Jewellery
 h - a cursed ring of teleportation (left hand)
Scrolls
 b - a scroll of identify {unknown}
 f - 3 scrolls of amnesia {unknown}
 i - 2 scrolls of teleportation {unknown}
 j - a scroll of blinking {unknown}
 k - a scroll of magic mapping {unknown}
 l - a scroll of remove curse {unknown}
 r - 2 scrolls of fog {unknown}
 w - a scroll of enchant weapon {unknown}
Potions
 c - a potion of berserk rage {unknown}
 d - 2 potions of might {unknown}
 g - a potion of heal wounds
 s - a potion of flight {unknown}
Comestibles
 v - 3 rations
 x - 4 chunks of flesh


   Skills:
 * Level 0.8 Short Blades
 - Level 1.7 Dodging
 - Level 2.4 Stealth
 - Level 3.2 Spellcasting
 * Level 3.0 Conjurations
   Level 1.0 Summonings
   Level 0.8 Translocations


You had 2 spell levels left.
You knew the following spells:

 Your Spells              Type           Power        Failure   Level  Hunger
a - Conjure Flame         Conj/Fire      #.......     26%         3    ###....
c - Magic Dart            Conj           ##..         4%          1    None
e - Mephitic Cloud        Conj/Pois/Air  #.......     30%         3    ###....

Your spell library contained the following spells:

 Spells                   Type           Power        Failure   Level  Hunger
 Call Imp                 Summ           #.......     16%         2    ##.....
 Slow                     Hex            #.......     24%         2    ##.....
 Blink                    Tloc           Unusable     N/A         2    N/A

Dungeon Overview and Level Annotations

Branches:
Dungeon (3/15)

Altars:
Zin


Innate Abilities, Weirdness & Mutations

You cannot be hasted, slowed, berserked, paralysed or teleported.
You can dig through walls and to a lower floor.
Your four strong arms can wield two-handed weapons with a shield.
You have a pair of large antennae on your head. (SInv)


Message History

The orc wizard is moderately wounded.
The orc wizard misses you.
You barely miss the orc wizard.
The orc wizard is moderately wounded.
The orc wizard barely misses you.
You miss the orc wizard.
The orc wizard is moderately wounded.
The orc wizard casts a spell at you. The magic dart hits you.
You hit the orc wizard but do no damage.
The orc wizard is moderately wounded.
The orc wizard barely misses you.
You barely miss the orc wizard.
The orc wizard is moderately wounded.
The orc wizard hits you but does no damage.
You hit the orc wizard.
The orc wizard is heavily wounded.
An orc comes into view.
The orc wizard hits you with a +0 dagger.
You die...

...........#.#.#
#.........#.#.####
##.....<..........#
#....##.#.#....##.#.
..........#รท#..#....
#....###.##.........
....................
###.......##........
+.......@oo.>.....
#.%.....##....#..
{#.......##....# .
.........##........
..........+...o.###
..#######.#...<.#
.#...### .#.#.# ....#


You could see an orc wizard and 2 orcs.

Vanquished Creatures
  A worm (D:3)
  A dart slug (D:2)
  A leopard gecko (D:2)
  2 orcs (D:3)
  3 bats
  A giant cockroach (D:1)
  5 hobgoblins
  7 jackals
  3 kobolds
  2 frilled lizards (D:1)
  8 goblins
  5 rats
39 creatures vanquished.

Notes
Turn   | Place    | Note
-------+----------+-------------------------------------------
     0 | D:1      | DildoBatman the Formicid Wizard began the quest for the
                  | Orb.
     0 | D:1      | Reached XP level 1. HP: 13/13 MP: 4/4
     3 | D:1      | Reached skill level 1 in Conjurations
   272 | D:1      | Reached XP level 2. HP: 16/19 MP: 0/6
   418 | D:1      | You fall through a shaft!
   640 | D:1      | You fall through a shaft!
   640 | D:2      | Found a glowing silver altar of Zin.
   788 | D:1      | Reached XP level 3. HP: 22/24 MP: 0/7
   805 | D:1      | Learned a level 3 spell: Conjure Flame
   809 | D:1      | Learned a level 3 spell: Mephitic Cloud
  1833 | D:3      | Reached XP level 4. HP: 17/30 MP: 5/8
  1845 | D:3      | Slain by an orc wizard

Skill      XL: |  1  2  3 |
---------------+----------+-----
Conjurations   | 1 2 3 |  3.0
Short Blades   | |  0.8
Dodging        | |  1.7
Stealth        | |  2.4
Spellcasting   | |  3.2
Summonings     | |  1.0
Translocations | |  0.8

Action                   |  1- 3 |  4- 6 || total
-------------------------+-------+-------++-------
Melee: Club              |    30 |       ||    30
       Dagger            |    19 |    12 ||    31
 Cast: Magic Dart        |    66 |       ||    66
       Mephitic Cloud    |     1 |       ||     1
 Abil: Dig               |     2 |       ||     2
  Use: Potion            |     1 |       ||     1
  Eat: Chunk             |     3 |       ||     3
Armor: Robe              |    11 |     1 ||    12
Dodge: Dodged            |    53 |     3 ||    56
